Map: Arctic Gates

Players

Winthrowe - Winner!

  • Race: Terran Terran
  • League: Silver
  • Spawn Location: 0:00

Nikitta - Winner!

  • Race: Protoss Protoss
  • Spawn Location: 3:00

A.I. 2 (Medium)

  • Race: Terran Terran
  • Spawn Location: 0:00

A.I. 3 (Medium)

  • Race: Protoss Protoss
  • Spawn Location: 9:00

VOD

Have the link to the VOD?

Description

Time

  • Played on: Aug. 20, 2017, 5:56 p.m.
  • Length: 10:23
Show
View Real Time Build Order
Export as new Build Order

Winthrowe Terran - Winner!

Build Orders:  

Get SALT Encoding   

  12  0:01  SCV  
  13  0:13  SCV  
  14  0:22  Supply Depot  
  14  0:28  SCV  
  15  0:44  Barracks  
  15  0:46  SCV  
  16  0:58  SCV  
  17  1:10  SCV  
  18  1:15  Refinery  
  18  1:18  Refinery  
  18  1:22  SCV  
  19  1:34  SCV  
  19  1:35  Barracks  
  20  1:46  SCV  
  21  1:58  SCV  
  22  2:07  Barracks Reactor  
  22  2:10  SCV  
  23  2:23  Orbital Command  
  23  2:37  Factory  
  23  2:42  Supply Depot  
  23  3:02  Barracks Tech Lab  
  23  3:04  SCV  
  23  3:05  Supply Depot  
  24  3:08  Marine  
  24  3:09  Marine  
  27  3:26  Marine  
  27  3:27  Marine, Starport  
  27  3:28  Supply Depot  
  27  3:31  Marauder  
  30  3:37  Stimpack  
  30  3:44  Marine x2  
  32  3:50  Supply Depot  
  32  4:10  Medivac  
  32  4:13  Supply Depot  
  32  4:15  Marauder  
  36  4:17  Marine x2  
  36  4:23  Cyclone  
  41  4:35  Marine x2  
  41  4:36  Supply Depot, Marauder  
  45  4:40  Medivac  
  47  4:48  Command Center  
  47  4:55  SCV  
  47  4:59  Supply Depot  
  48  5:12  Engineering Bay  
  48  5:23  Engineering Bay  
  48  5:29  SCV  
  49  5:41  SCV  
  50  5:53  SCV  
  51  5:58  Sensor Tower  
  51  6:05  SCV  
  51  6:08  Planetary Fortress  
  52  6:14  Marine x2, Marauder  
  52  6:17  Missile Turret  
  52  6:18  SCV  
  57  6:23  Cyclone  
  60  6:26  Medivac  
  60  6:30  SCV  
  60  6:41  Marauder  
  60  6:42  Marine x2, SCV  
  65  6:51  SCV  
  67  6:54  SCV  
  67  6:56  Medivac  
  67  6:59  Marine  
  70  7:03  SCV, Marauder  
  70  7:06  SCV  
  69  7:15  SCV  
  69  7:16  Marine  
  69  7:17  Marine  
  69  7:20  Cyclone  
  74  7:24  Marauder  
  74  7:27  Medivac  
  78  7:34  Marine  
  78  7:35  Marine  
  80  7:45  Marauder  
  82  8:01  Marine x2  
  84  8:05  Command Center  
  84  8:07  Marauder  
  86  8:18  Marine  
  86  8:19  Marine  
  88  8:28  Marauder  
  90  8:36  Marine x2  
  91  8:50  Marauder  
  91  8:53  Medivac  
  91  8:54  Marine x2  
  94  8:55  Supply Depot  
  92  9:11  Marauder  
  92  9:17  Marine x2  
  94  9:18  Supply Depot  
  94  9:19  Supply Depot  
  94  9:23  Medivac  
  98  9:32  Marauder  
  98  9:34  Marine x2  
  102  9:41  Supply Depot  
  102  9:42  Supply Depot, Hellion  
  102  9:52  Marine x2  
  101  9:54  Marauder  
  105  10:05  Supply Depot x2  
Show
View Real Time Build Order
Export as new Build Order

Nikitta Protoss - Winner!

Build Orders:  

Get SALT Encoding   

  12  0:04  Probe (Chrono Boost)  
  13  0:15  Probe (Chrono Boost)  
  13  0:20  Assimilator  
  14  0:30  Pylon  
  14  0:37  Probe (Chrono Boost)  
  15  0:48  Probe (Chrono Boost)  
  16  0:57  Pylon  
  16  0:59  Probe (Chrono Boost)  
  17  1:07  Gateway  
  17  1:09  Probe (Chrono Boost)  
  18  1:20  Gateway  
  18  1:34  Forge  
  18  1:43  Pylon  
  18  1:54  Assimilator  
  18  1:57  Zealot  
  20  2:09  Protoss Ground Weapons Level 1  
  20  2:17  Probe (Chrono Boost)  
  21  2:24  Zealot  
  21  2:27  Probe (Chrono Boost)  
  24  2:38  Probe (Chrono Boost)  
  25  2:48  Probe (Chrono Boost)  
  26  2:51  Zealot  
  26  2:57  Pylon  
  26  2:58  Zealot  
  30  3:12  Probe (Chrono Boost)  
  31  3:22  Zealot, Probe (Chrono Boost)  
  31  3:25  Zealot  
  36  3:39  Pylon  
  36  3:42  Probe (Chrono Boost)  
  37  3:49  Zealot  
  37  3:52  Zealot  
  37  3:53  Probe (Chrono Boost)  
  42  4:03  Cybernetics Core, Probe (Chrono Boost), Protoss Ground Armor Level 1  
  43  4:14  Pylon  
  43  4:16  Zealot  
  45  4:20  Pylon  
  45  4:25  Zealot  
  47  4:43  Zealot  
  49  4:53  Zealot  
  49  4:57  Nexus  
  51  5:10  Zealot  
  53  5:20  Sentry  
  55  5:31  Photon Cannon  
  55  5:35  Photon Cannon  
  55  5:38  Sentry  
  57  5:46  Sentry  
  59  6:04  Sentry  
  61  6:13  Sentry  
  63  6:20  Stargate  
  63  6:31  Sentry  
  65  6:36  Probe (Chrono Boost)  
  65  6:39  Sentry  
  68  6:46  Probe (Chrono Boost)  
  69  6:57  Stalker  
  71  7:05  Zealot  
  73  7:24  Gateway  
  73  7:27  Stalker  
  73  7:28  Probe (Chrono Boost)  
  76  7:32  Zealot  
  78  7:38  Probe (Chrono Boost)  
  78  7:44  Phoenix  
  81  7:49  Probe (Chrono Boost)  
  82  7:57  Stalker  
  84  8:00  Probe (Chrono Boost)  
  85  8:13  Pylon  
  85  8:21  Pylon  
  85  8:31  Phoenix, Zealot, Stalker  
  91  8:38  Assimilator  
  91  8:56  Phoenix  
  91  8:58  Sentry  
  91  9:01  Zealot  
  95  9:21  Phoenix  
  97  9:25  Sentry  
  97  9:28  Zealot  
Show
View Real Time Build Order
Export as new Build Order

A.I. 2 (Medium) Terran 

Build Orders:  

Get SALT Encoding   

  12  0:01  SCV  
  13  0:13  SCV  
  14  0:20  Supply Depot  
  14  0:25  SCV  
  15  0:42  SCV  
  16  0:44  Barracks  
  16  0:49  Refinery  
  16  0:54  SCV  
  17  1:06  SCV  
  18  1:17  Supply Depot  
  18  1:32  Marine  
  19  1:35  Orbital Command, Barracks  
  19  1:43  Refinery  
  19  1:50  Barracks Tech Lab  
  19  2:08  Marine  
  19  2:13  Supply Depot  
  20  2:26  Marine  
  21  2:30  Marine  
  21  2:33  SCV  
  23  2:44  Marine  
  23  2:45  SCV  
  23  2:50  Marine, Supply Depot  
  26  2:57  SCV  
  27  2:58  Engineering Bay  
  27  3:02  Marauder  
  29  3:09  SCV  
  30  3:21  SCV  
  30  3:24  Marauder  
  33  3:33  SCV  
  34  3:45  Marauder  
  36  5:18  Barracks Tech Lab, Reaper  
  36  5:19  SCV  
  36  5:20  Factory  
  38  5:25  Factory  
  38  5:26  Missile Turret  
  38  5:27  Command Center  
  38  5:29  Missile Turret  
  38  5:31  Sensor Tower, SCV  
  39  5:36  Reaper, Barracks  
  39  5:39  Supply Depot  
  40  5:50  Marine, Bunker  
  41  6:04  Factory Tech Lab  
  41  6:08  Marine  
  41  6:10  Starport  
  42  6:12  Armory, Factory Tech Lab, Marauder  
  44  6:22  Barracks Reactor  
  44  6:34  Marine  
  44  6:39  SCV  
  34  6:42  Marine, SCV  
  36  6:49  Starport Tech Lab, Refinery  
  36  6:51  Missile Turret, SCV  
  36  6:52  Marine  
  39  6:54  SCV  
  39  7:00  Marine, Missile Turret  
  40  7:02  Refinery  
  40  7:03  SCV  
  40  7:06  SCV  
  42  7:09  Marauder  
  42  7:10  Raven  
  42  7:15  SCV  
  47  7:17  Marine  
  47  7:18  SCV  
  49  7:23  Bunker  
  49  7:25  Marine  
  49  7:27  SCV  
  51  7:30  SCV  
  51  7:35  Marauder  
  54  7:39  SCV  
  54  7:42  SCV  
  54  7:43  Marauder  
  58  7:51  SCV  
  58  7:53  Raven  
  58  7:54  SCV  
  62  7:59  Supply Depot  
  62  8:04  SCV  
  63  8:06  SCV  
  64  8:16  SCV  
  64  8:19  SCV  
  65  8:28  SCV  
  65  8:31  SCV  
  67  8:40  SCV  
  68  8:42  Raven, Reaper  
  68  8:43  SCV  
  56  8:50  Supply Depot, Hellion  
  54  8:57  Marauder  
  54  9:04  Hellion  
  56  9:12  SCV, Hellion  
  56  9:15  SCV  
  49  9:19  Marauder  
  33  9:24  SCV  
  33  9:27  Hellion  
  27  9:36  SCV  
  13  9:43  Command Center  
  13  9:44  Marine  
  10  9:48  SCV  
Show
View Real Time Build Order
Export as new Build Order

A.I. 3 (Medium) Protoss 

Build Orders:  

Get SALT Encoding   

  12  0:01  Probe (Chrono Boost)  
  13  0:11  Probe (Chrono Boost)  
  14  0:22  Pylon, Probe (Chrono Boost)  
  15  0:40  Probe (Chrono Boost)  
  16  0:48  Assimilator  
  16  0:51  Gateway, Probe (Chrono Boost)  
  17  1:01  Pylon, Probe (Chrono Boost)  
  18  1:32  Gateway  
  18  1:36  Assimilator  
  18  1:43  Cybernetics Core  
  18  1:47  Zealot  
  20  2:07  Pylon  
  20  2:16  Warp Gate  
  20  2:17  Adept  
  22  2:34  Zealot  
  24  2:50  Adept  
  26  3:00  Pylon  
  26  3:08  Adept  
  29  3:20  Probe (Chrono Boost)  
  29  3:22  Stalker  
  31  3:32  Probe (Chrono Boost)  
  34  3:41  Adept  
  34  3:43  Pylon  
  34  3:44  Probe (Chrono Boost)  
  35  3:55  Probe (Chrono Boost)  
  36  3:56  Forge, Adept  
  38  4:06  Probe (Chrono Boost)  
  40  4:18  Adept, Probe (Chrono Boost)  
  42  4:35  Adept  
  44  6:25  Stalker  
  46  6:26  Probe (Chrono Boost)  
  46  6:27  Pylon  
  46  6:28  Photon Cannon  
  46  6:31  Photon Cannon  
  47  6:34  Robotics Facility  
  47  6:37  Stargate  
  47  6:39  Sentry  
  49  6:40  Twilight Council  
  49  6:45  Gateway  
  49  6:47  Forge, Probe (Chrono Boost)  
  50  6:48  Pylon  
  50  6:53  Stalker  
  52  7:08  Stalker  
  44  7:16  Nexus  
  44  7:20  Observer  
  44  7:22  Sentry  
  37  7:37  Sentry  
  39  7:40  Observer  
  40  7:51  Stalker  
  42  8:05  Zealot  
  44  8:19  Zealot  
  45  8:34  Adept  
  47  8:48  Adept  
  43  8:55  Stalker  
  43  8:59  Void Ray  
  31  9:10  Zealot  
  31  9:14  Pylon  
  31  9:16  Immortal  
  34  9:24  Stalker  
  34  9:31  Stalker  
  36  9:40  Pylon  
  36  9:42  Nexus, Pylon  
  34  9:46  Zealot  
  29  10:05  Sentry  
  18  10:10  Probe (Chrono Boost)  
Tags
 
Add a new tag
Caveats
  • Supply blocks, unpowered buildings, or Contaminate may cause inaccurate times.
  • Supply counts are checked every 10 seconds.